 Dungeon Crawl Stone Soup version 0.31-a0-174-g85c54bcb58 (webtiles) character file.

Game seed: 16318119393203902178

186 qw the Shooter (level 5, -1/49 HPs)
             Began as a Naga Hunter on June 15, 2023.
             Slain by a gnoll
             ... wielding a +0 flail
             ... led by a gnoll bouda
              (6 damage)
             ... on level 3 of the Dungeon.
             The game lasted 00:00:51 (2017 turns).

qw the Shooter (Naga Hunter)                        Turns: 2017, Time: 00:00:52

Health: -1/49      AC:  3    Str: 10 (13) XL:     5   Next: 65%
Magic:  5/5        EV:  9    Int:  8 (10) God:
Gold:   111        SH:  0    Dex: 15 (16) Spells: 4/4 levels left

rFire   . . .        Y - +1 shortbow
rCold   . . .        (shield currently unavailable)
rNeg    . . .        c - +0 leather armour
rPois   +            (no helmet)
rElec   .            (no cloak)
rCorr   .            (no gloves)
SInv    +            (no barding)
Will    .....        (no amulet)
Stlth   ++           (no ring)
HPRegen 0.28/turn    (no ring)
MPRegen 0.09/turn

%: no passive effects
@: short of breath, very slow
A: AC +1, large, see invisible, deformed body, poison resistance, slowness 2,
spit poison 1, naga tail 1
a: Spit Poison


You were on level 3 of the Dungeon.
You visited 1 branch of the dungeon, and saw 4 of its levels.

You collected 111 gold pieces.


Innate Abilities, Weirdness & Mutations

Your serpentine skin is tough. (AC +1)
You have supernaturally acute eyesight. (SInv)
Armour fits poorly on your strangely shaped body.
Your system is resistant to poisons. (rPois)
You cover ground very slowly.
You can spit poison.
You have a snake-like lower body.


   Skills:
 - Level 3.0 Fighting
 + Level 5.7 Ranged Weapons
 - Level 1.5 Dodging
 - Level 1.5 Stealth


You had 4 spell levels left.
You didn't know any spells.
Your spell library was empty.

Inventory:

Hand Weapons
 Y - a +1 shortbow (weapon)
Armour
 c - a +0 leather armour (worn)
Potions
 b - a potion of heal wounds {unknown}
 e - a potion of attraction {unknown}

Dungeon Overview and Level Annotations

Branches:
Dungeon (4/15)
 Temple: D:4-7

Altars:
Qazlal

Annotations:
D:4 Robin


Message History

Done exploring.
(D) Dungeon
Where to? (* - list waypoints, Enter - D:4, ? - help)
What level of the Dungeon? (default 1, ? - help)
You climb downwards.
The goblin shouts!
The gnoll hits you with a +0 flail.
The gnoll bouda barks out a call to the hunt!
The gnolls pick up the pace!
The gnoll completely misses you.
A goblin comes into view. It is wielding a +0 club.
The goblin hits you with a +0 dagger.
The goblin shouts!
There is a stone staircase leading up, spattered with blood here.
2014 ||| INVOKING Spit Poison.
Aiming: Spit Poison (1% risk of failure)
Press: ? - help, Shift-Dir - straight line, f - gnoll bouda The splash of poison misses the gnoll bouda.
You hear a shout!
A goblin comes into view. It is wielding a +0 dagger.
The gnoll hits you with a +0 flail. The gnoll barely misses you.
The gnoll bouda hits you with a +0 club.
The goblin hits you with a +0 dagger.
Robin of the Strong Arm comes into view.
They are wielding a +0 club and wearing a +0 helmet of intelligence.
The gnoll hits you from afar with a +0 spear.
2015 ||| STAIRDANCE The goblin closely misses you.
The gnoll hits you with a +0 flail. The gnoll barely misses you.
The gnoll bouda hits you with a +0 club!
Robin throws the goblin at you!
The gnoll hits you from afar with a +0 spear!
The goblin shouts!
You climb upwards.
There is a stone staircase leading down, spattered with blood here.
You shoot an arrow. The arrow hits the gnoll bouda.
The gnoll bouda is moderately wounded.
The gnoll hits you with a +0 flail. The gnoll misses you.
The gnoll bouda hits you with a +0 club.
The goblin hits you with a +0 dagger. The gnoll hits you with a +0 flail.
You die...

.........#######.#.##########
..#................)).<.....#
..#..##..#######.#.########.#
.....##...## #.#.# #.#
.##..##.#..#####.#.# #.#
.##...#.##.##....#.# #.#
........#....###.#.# #.#
.....##.........g<.# #.#
.##.###...##...g@g.# #.#
....# ######.####g####### #.#
##### ### #.......# #.#
#######.# #.# #.###.# #.....#
#######


You could see a gnoll bouda, 2 gnolls and a goblin.

Vanquished Creatures
  A hound (D:2)
  Ijyb (D:3)
  3 adders
  4 gnolls
  An ufetubus (D:3)
  A worm (D:2)
  A dart slug (D:1)
  5 orcs (D:3)
  7 ball pythons
  6 endoplasms
  2 giant cockroaches
  4 goblins
  A hobgoblin (D:1)
  A quokka (D:1)
  6 bats
  2 frilled lizards
  6 kobolds
  A rat (D:1)
53 creatures vanquished.

Notes
Turn   | Place    | Note
-------+----------+-------------------------------------------
     0 | D:1      | qw the Naga Hunter began the quest for the Orb.
     0 | D:1      | Reached XP level 1. HP: 19/19 MP: 1/1
     0 | D:1      | 0 ||| qw: Version: 0.2-a-29-g511e9b1
     0 | D:1      | 0 ||| qw: Game counter: 5579
     0 | D:1      | 0 ||| qw: Always use a shield: true
     0 | D:1      | 0 ||| qw: God list: Okawaru
     0 | D:1      | 0 ||| qw: Allow faded altars: false
     0 | D:1      | 0 ||| qw: Do Orc after D:15 true
     0 | D:1      | 0 ||| qw: Do second Lair branch before Depths: true
     0 | D:1      | 0 ||| qw: Lair rune preference: random
     0 | D:1      | 0 ||| qw: Plans: Normal
     0 | D:1      | 0 ||| PLANNING D:1-11
    18 | D:1      | 18 ||| INVOKING Spit Poison.
    57 | D:1      | 57 ||| INVOKING Spit Poison.
    70 | D:1      | 70 ||| INVOKING Spit Poison.
    76 | D:1      | 76 ||| INVOKING Spit Poison.
    80 | D:1      | Reached skill level 4 in Ranged Weapons
    80 | D:1      | Reached XP level 2. HP: 26/26 MP: 2/2
    93 | D:1      | 93 ||| INVOKING Spit Poison.
   111 | D:1      | 111 ||| INVOKING Spit Poison.
   132 | D:1      | 132 ||| INVOKING Spit Poison.
   136 | D:1      | 136 ||| INVOKING Spit Poison.
   168 | D:1      | 168 ||| INVOKING Spit Poison.
   173 | D:1      | 173 ||| INVOKING Spit Poison.
   177 | D:1      | 177 ||| INVOKING Spit Poison.
   248 | D:1      | 248 ||| INVOKING Spit Poison.
   253 | D:1      | 253 ||| INVOKING Spit Poison.
   284 | D:1      | 284 ||| INVOKING Spit Poison.
   328 | D:1      | You fall into a shaft and drop 1 floor!
   329 | D:2      | 329 ||| READING scroll labelled IPNOPSILIL.
   330 | D:2      | 330 ||| DROPPING scroll of butterflies.
   339 | D:1      | 339 ||| INVOKING Spit Poison.
   361 | D:1      | 361 ||| INVOKING Spit Poison.
   439 | D:1      | Found a faded altar of an unknown god.
   504 | D:1      | 504 ||| INVOKING Spit Poison.
   505 | D:1      | Reached XP level 3. HP: 32/32 MP: 3/3
   673 | D:2      | 673 ||| INVOKING Spit Poison.
   719 | D:2      | 719 ||| INVOKING Spit Poison.
   728 | D:2      | 728 ||| INVOKING Spit Poison.
   735 | D:2      | Reached skill level 5 in Ranged Weapons
   735 | D:2      | 735 ||| INVOKING Spit Poison.
   742 | D:2      | 742 ||| INVOKING Spit Poison.
   744 | D:2      | Reached XP level 4. HP: 28/39 MP: 4/4
   790 | D:2      | 790 ||| INVOKING Spit Poison.
   798 | D:2      | 798 ||| INVOKING Spit Poison.
   813 | D:2      | 813 ||| INVOKING Spit Poison.
   820 | D:2      | 820 ||| INVOKING Spit Poison.
   941 | D:2      | 941 ||| INVOKING Spit Poison.
   942 | D:2      | 942 ||| INVOKING Spit Poison.
   947 | D:2      | 947 ||| INVOKING Spit Poison.
   948 | D:2      | Reached skill level 3 in Fighting
   972 | D:2      | 972 ||| INVOKING Spit Poison.
   976 | D:2      | 976 ||| INVOKING Spit Poison.
   988 | D:2      | 988 ||| INVOKING Spit Poison.
  1017 | D:2      | Found a stormy altar of Qazlal.
  1090 | D:2      | 1090 ||| READING scroll labelled YKHOFF ELOASUCVAZ.
  1091 | D:2      | 1091 ||| READING scroll labelled VUXKIR HOERGH.
  1092 | D:2      | 1092 ||| READING 2 scrolls labelled VUEPTO DOCHEE.
  1165 | D:2      | 1165 ||| DROPPING scroll of torment.
  1186 | D:2      | 1186 ||| INVOKING Spit Poison.
  1205 | D:3      | 1205 ||| INVOKING Spit Poison.
  1208 | D:3      | Reached XP level 5. HP: 49/49 MP: 5/5
  1244 | D:3      | 1244 ||| INVOKING Spit Poison.
  1249 | D:3      | 1249 ||| INVOKING Spit Poison.
  1252 | D:3      | 1252 ||| INVOKING Spit Poison.
  1259 | D:3      | 1259 ||| INVOKING Spit Poison.
  1264 | D:3      | 1264 ||| INVOKING Spit Poison.
  1328 | D:3      | 1328 ||| INVOKING Spit Poison.
  1349 | D:3      | 1349 ||| INVOKING Spit Poison.
  1379 | D:3      | 1379 ||| INVOKING Spit Poison.
  1415 | D:3      | Noticed Ijyb
  1416 | D:3      | 1416 ||| INVOKING Spit Poison.
  1421 | D:3      | 1421 ||| INVOKING Spit Poison.
  1425 | D:3      | 1425 ||| INVOKING Spit Poison.
  1427 | D:3      | HP: 12/49 [Ijyb/+0 dagger (3)]
  1428 | D:3      | Killed Ijyb
  1657 | D:3      | 1657 ||| INVOKING Spit Poison.
  1840 | D:3      | 1840 ||| READING scroll labelled USSIYNU MUFA.
  1841 | D:3      | 1841 ||| READING scroll labelled DYTEUC MAZOUHYM.
  1842 | D:3      | 1842 ||| DRINKING 2 clear potions.
  1843 | D:3      | 1843 ||| DROPPING potion of degeneration.
  1865 | D:4      | 1865 ||| INVOKING Spit Poison.
  1868 | D:4      | 1868 ||| STAIRDANCE
  1870 | D:3      | 1870 ||| INVOKING Spit Poison.
  1874 | D:3      | 1874 ||| INVOKING Spit Poison.
  1874 | D:3      | HP: 10/49 [gnoll/+0 flail[a gnoll bouda] (10)]
  2014 | D:4      | 2014 ||| INVOKING Spit Poison.
  2014 | D:4      | Noticed Robin
  2015 | D:4      | 2015 ||| STAIRDANCE
  2015 | D:4      | HP: 10/49 [gnoll/+0 spear[a gnoll bouda] (8)]
  2017 | D:3      | Slain by a gnoll

Levels and vault maps discovered:
D:1:      saegor_arrival_simple_b, layout_rooms, serial_bayou,
          serial_bayou_pond_e, serial_bayou_lake_a, serial_bayou_crossing,
          serial_bayou_shore_b, shapermc_ecumenical_altar_mp_ritualfount
D:2:      layout_rooms, basic_altar, minmay_tetromino_i4
D:3:      layout_basic, uniq_ijyb
D:4:      layout_cave_pools, marbit_many_paths,
          mainiacjoe_overflow_tiny_flanked, minmay_temple_entry_poolview,
          uniq_robin, uniq_duvessa

Skill      XL: |  1  2  3  4 |
---------------+-------------+-----
Ranged Weapons | 4 5 |  5.7
Fighting       | 3 |  3.0
Dodging        | |  1.5
Stealth        | |  1.5

Action                     |  1- 3 |  4- 6 || total
---------------------------+-------+-------++-------
   Fire: Shortbow          |    56 |    73 ||   129
Ability: Spit Poison       |    22 |    27 ||    49
    Use: Scroll            |     1 |     5 ||     6
         Potion            |       |     1 ||     1
 Armour: Leather armour    |    12 |     5 ||    17
  Dodge: Dodged            |    16 |    27 ||    43

Table legend:
 A = Non-vault XP
 B = Vault XP
 C = Vault XP percentage of total XP
 D = Non-vault monster count
 E = Vault monster count
 F = Vault count percentage of total count
                 A         B        C        D         E       F
            +---------+---------+-------+---------+---------+-------
      Total |     182 |      84 |  31.6 |      50 |       3 |   5.7
            +---------+---------+-------+---------+---------+-------
        D:1 |      35 |       0 |   0.0 |      20 |       0 |   0.0
        D:2 |      70 |      48 |  40.7 |      14 |       2 |  12.5
        D:3 |      77 |      36 |  31.9 |      16 |       1 |   5.9
            +---------+---------+-------+---------+---------+-------
